 Dungeon Crawl Stone Soup version 0.28.0 (webtiles) character file.

Game seed: 12588585605473171413

4 browni3141 the Sneak (level 1, -1/20 HPs)
             Began as a Hill Orc Delver on Feb 6, 2022.
             Slain by a hound (2 damage)
             ... on level 5 of the Dungeon.
             The game lasted 00:03:38 (621 turns).

browni3141 the Sneak (Hill Orc Delver)               Turns: 621, Time: 00:03:39

Health: -1/20      AC:  3    Str: 14    XL:     1   Next: 70%
Magic:  1/1        EV: 11    Int: 10    God:
Gold:   32         SH:  0    Dex: 12    Spells: 0/0 levels left

rFire   . . .      SeeInvis .   a - +0 hand axe
rCold   . . .      Faith    .   (no shield)
rNeg    . . .      Spirit   .   b - +0 leather armour
rPois   .          Reflect  .   (no helmet)
rElec   .          Harm     .   (no cloak)
rCorr   +          Rampage  .   (no gloves)
Will    .....                   (no boots)
Stlth   ++........              (no amulet)
HPRegen 0.06/turn               d - ring of resist corrosion
MPRegen 0.07/turn               (no ring)

@: hasted, very quick
A: no striking features
a: no special abilities


You were on level 5 of the Dungeon.
You visited 1 branch of the dungeon, and saw 4 of its levels.

You collected 32 gold pieces.

Inventory:

Hand Weapons
 a - a +0 hand axe (weapon)
Armour
 b - a +0 leather armour (worn)
Jewellery
 d - a ring of resist corrosion (left hand)
Wands
 g - a wand of digging (2)
Scrolls
 c - a scroll of fog
 e - a scroll of identify {unknown}
 h - a scroll of amnesia {unknown}


   Skills:
 * Level 4.0 Fighting
 - Level 2.7 Axes
 - Level 1.6 Dodging
 - Level 4.1 Stealth


You couldn't memorise any spells.
You didn't know any spells.
Your spell library was empty.

Dungeon Overview and Level Annotations

Branches:
Dungeon (6/15)
 Temple: D:4-7

Altars:

Annotations:
D:3 Jessica
D:4 exclusion: 2 doors


Message History

The hound bites you.
You feel yourself speed up. The hound bites you.
There is a stone staircase leading down here.
The hound bites you but does no damage.
You climb downwards.
There is a stone staircase leading up here.
The hound bites you.
* * * LOW HITPOINT WARNING * * *
You miss the hound. You punch the hound, but do no damage.
The hound bites you but does no damage. x2
You completely miss the hound. The hound closely misses you.
You hit the hound but do no damage. The hound bites you but does no damage.
You barely miss the hound. The hound barely misses you.
You closely miss the hound. The hound barely misses you.
You closely miss the hound. The hound bites you but does no damage.
The hound bites you.
* * * LOW HITPOINT WARNING * * *
You closely miss the hound. The hound closely misses you.
You hit the hound but do no damage. The hound barely misses you.
You hit the hound.
The hound is lightly wounded.
The hound closely misses you.
You hit the hound.
The hound is heavily wounded.
The hound closely misses you.
You closely miss the hound.
The hound is heavily wounded.
The hound barely misses you.
You closely miss the hound.
The hound is heavily wounded.
The hound barely misses you.
You hit the hound.
The hound is heavily wounded.
The hound closely misses you.
You closely miss the hound.
The hound is heavily wounded.
The hound bites you.
* * * LOW HITPOINT WARNING * * *
The hound bites you.
You die...

### #.#
#<#
.#.#####h#
........@#
##########


You could see a hound.

Vanquished Creatures
  An orc (D:4)
  A ball python (D:4)
  A goblin (D:4)
3 creatures vanquished.

Notes
Turn   | Place    | Note
-------+----------+-------------------------------------------
     0 | D:5      | browni3141 the Hill Orc Delver began the quest for the Orb.
     0 | D:5      | Reached XP level 1. HP: 19/19 MP: 1/1
    10 | D:6      | Noticed an ice beast
   270 | D:3      | Noticed Jessica
   582 | D:4      | Noticed an iguana
   587 | D:4      | Noticed a hound
   621 | D:5      | HP: 1/20 [hound (5)]
   621 | D:5      | Slain by a hound

Illustrated notes

Levels and vault maps discovered:
D:3:      layout_basic, grunt_ministairs_2, dk_noncrumbling_4, uniq_robin,
          uniq_jessica
D:4:      layout_gridville, serial_shops, shop, uniq_blork_the_orc
D:5:      layout_basic, minmay_temple_entry_proselytizer, minivault_27,
          uniq_menkaure
D:6:      layout_basic, grunt_temple_overflow_diamond,
          nicolae_ashenzari_panopticon, ebering_dispersal_statue_hall,
          minivault_1, minivault_1, minmay_crossroads

Skill      XL: |  1 |
---------------+----+-----
Fighting       | 4 |  4.0
Axes           | |  2.7
Dodging        | |  1.6
Stealth        | |  4.1

Action                   || total
-------------------------++-------
Melee: Hand axe          ||    24
       Punch             ||     1
Evoke: Wand              ||     1
  Use: Scroll            ||     2
       Potion            ||     1
Armor: Leather armour    ||     7
Dodge: Dodged            ||    23
